 Dungeon Crawl Stone Soup version 0.25-a0-578-gc91f01c (webtiles) character file.

Game seed: 14474064919205718003, levelgen mode: deterministic

2461 Faels the Carver (level 9, -11/66 HPs)
             Began as a Barachi Fighter on Mar 3, 2020.
             Was a Believer of Okawaru.
             Mangled by an orc warrior
             ... wielding a +1 scimitar of flaming
              (16 damage)
             ... on level 7 of the Dungeon.
             The game lasted 00:26:38 (7845 turns).

Faels the Carver (Barachi Fighter)                  Turns: 7845, Time: 00:26:39

Health: -11/66     AC: 12    Str: 20    XL:     9   Next: 50%
Magic:  1/3        EV: 12    Int:  8    God:    Okawaru [**....]
Gold:   347        SH: 23    Dex: 16    Spells: 8/8 levels left

rFire    . . .     SeeInvis +   F - +9 dagger of the Mind {antimagic, MR+}
rCold    . . .     Gourm    .   r - +0 tower shield
rNeg     . . .     Faith    .   b - +0 scale mail
rPois    .         Spirit   .   y - +0 helmet {SInv}
rElec    .         Reflect  +   (no cloak)
rCorr    +         Harm     .   m - +0 pair of gloves
MR       +....                  I - +0 pair of boots
Stlth    ++........             x - +6 amulet of reflection
HPRegen  0.21/turn              t - +3 ring of strength
MPRegen  0.08/turn              M - ring of resist corrosion

@: mighty, about to teleport, heroism, slow
A: +LOS, swims, slowness 1, strong legs 1
a: Hop, Heroism, Renounce Religion


You were on level 7 of the Dungeon.
You worshipped Okawaru.
Okawaru was pleased with you.
You were not hungry.

You visited 2 branches of the dungeon, and saw 8 of its levels.

You collected 347 gold pieces.

Inventory:

Hand Weapons
 a - a +0 long sword
 A - a +1 dagger of venom
 F - the +9 dagger of the Mind (weapon) {antimagic, MR+}
   (You found it on level 4 of the Dungeon)

   It reduces the magical energy of the wielder, and disrupts the spells and
   magical abilities of those hit.
   Natural abilities and divine invocations are not affected.
   It affects your resistance to hostile enchantments.
 H - a +0 trident of freezing
 K - a +0 dagger of electrocution
Missiles
 q - 12 poisoned darts (quivered)
 B - 4 throwing nets
Armour
 b - a +0 scale mail (worn)
 c - a +0 kite shield
 m - a +0 pair of gloves (worn)
 r - a +0 tower shield (worn)
 y - a +0 helmet of see invisible (worn)
 D - the +1 leather armour of the Cast Vote {Str+4}
   (You found it on level 4 of the Dungeon)

   It affects your strength (+4).
   If you switch to wearing this armour, your AC will decrease by 3 (12 -> 9).
 I - a +0 pair of boots (worn)
 J - a cursed +0 ring mail
Jewellery
 t - a +3 ring of strength (left hand)
 x - a +6 amulet of reflection (around neck)
 M - a ring of resist corrosion (right hand)
Wands
 E - a wand of scattershot (5)
 O - a wand of digging (5)
Scrolls
 e - a scroll of amnesia {unknown}
 j - 3 scrolls of teleportation
 k - a scroll of blinking {unknown}
 l - 2 scrolls of random uselessness
 o - 2 scrolls of fog {unknown}
 p - 2 scrolls of remove curse
 C - a scroll of enchant weapon {unknown}
 G - a scroll of magic mapping {unknown}
Potions
 d - a potion of might
 g - 2 potions of brilliance
 h - a potion of berserk rage {unknown}
 i - 2 potions of resistance {unknown}
 n - 2 potions of curing {unknown}
 s - 3 potions of stabbing
 u - 2 potions of lignification {unknown}
 w - a potion of magic {unknown}
 z - 5 potions of flight
 L - a potion of heal wounds {unknown}
 N - a potion of mutation {unknown}
Comestibles
 f - 10 rations
 v - 6 chunks of flesh


   Skills:
 + Level 4.4(9.4) Fighting
 - Level 8.3(15.1) Short Blades
 - Level 9.8(16.2) Long Blades
 + Level 4.5(9.5) Armour
 + Level 3.8(8.8) Dodging
 + Level 4.0(9.0) Shields
 + Level 1.6 Invocations


You had 8 spell levels left.
You didn't know any spells.
Your spell library was empty.

Dungeon Overview and Level Annotations

Branches:
Dungeon (7/15)             Temple (1/1) D:7

Altars:
Ashenzari
Cheibriados
Elyvilon
Gozag
Hepliaklqana
Kikubaaqudgha
Makhleb
Nemelex Xobeh
Okawaru
Qazlal
Ru
Sif Muna
Trog
Uskayaw
Vehumet
Xom
Yredelemnul
Zin
The Shining One

Shops:
D:5 %=*%   D:7 *


Innate Abilities, Weirdness & Mutations

You can be seen from farther away. (+LOS)
You can swim through water.
You cover ground slowly.
You can hop short distances.


Message History

The orc warrior's wounds heal themselves!
The ogre shouts!
The orc priest casts a cantrip, but nothing happens.
You block the orc wizard's attack.
The orc warrior hits you with a +1 scimitar of flaming!
* * * LOW HITPOINT WARNING * * *
The orc warrior burns you.
* * * LOW HITPOINT WARNING * * *
Okay, then.
Okay, then.
Evoke which item? (* to show all) (? for menu, Esc to quit)
Aiming: Scattershot
Press: ? - help, Shift-Dir - straight line, f - orc priest
Aim: an orc priest, wielding a +0 club and wearing a +0 leather armour
Okay, then.
As you read the scroll of teleportation, it crumbles to dust.
You feel strangely unstable. You block the orc wizard's attack.
You block the orc priest's attack.
The orc warrior hits you with a +1 scimitar of flaming!
You die...

#.....+.......).#....##
#.....#......รท..#....## ...
#.....#........##....## ....
#.....#........##......
.....#.....#................
.....#..#..#...........#####
........#..............#...#
......#.#.#....##<..#._#...#
.......###o@...##+###..#...#
#....#..)#..o#.....$.#..#####
##....#...o.#........#.......
#..# ###.>.#####.............
##. #.O)..# .#...##......
#...#...# .....##....##
....###...) ....+..... #
.....# #..## . ##### # ......
.## #.... #


You could see an orc warrior, an ogre, an orc priest and an orc wizard.

Vanquished Creatures
  Sigmund (D:6)
  A hungry ghost (D:6)
  An orc warrior (D:6)
  2 phantoms (D:4)
  3 ice beasts
  2 ogres
  A bullfrog (D:6)
  3 scorpions
  8 wights
  2 crimson imps
  A bullfrog zombie (D:5)
  3 hounds
  3 orc priests (D:5)
  Crazy Yiuf (D:7)
  An orc wizard (D:5)
  3 centaur skeletons
  Natasha (thrice) (D:2)
  3 worker ants
  A hound zombie (D:5)
  2 hound skeletons (D:6)
  Robin (D:3)
  A worker ant zombie (D:6)
  6 adders
  5 gnolls
  A howler monkey skeleton (D:5)
  2 shadow imps (D:5)
  2 adder zombies (D:5)
  2 adder skeletons
  2 dart slugs
  3 worms
  5 leopard geckos
  17 orcs
  3 giant cockroaches
  17 goblins
  9 hobgoblins
  12 jackals
  4 quokkas
  2 ball pythons
  9 bats
  9 frilled lizards
  A jackal zombie (D:5)
  4 kobolds
  12 rats
174 creatures vanquished.

Notes
Turn   | Place    | Note
-------+----------+-------------------------------------------
     0 | D:1      | Faels the Barachi Fighter began the quest for the Orb.
     0 | D:1      | Reached XP level 1. HP: 18/18 MP: 1/1
   238 | D:1      | Reached skill level 3 in Long Blades
   319 | D:1      | Reached XP level 2. HP: 24/24 MP: 2/2
   396 | D:1      | Reached skill level 1 in Dodging
   644 | D:1      | Reached XP level 3. HP: 29/29 MP: 3/3
   754 | D:1      | You fall into a shaft and drop 1 floor!
  1305 | D:2      | Reached skill level 4 in Long Blades
  1596 | D:2      | Reached XP level 4. HP: 31/36 MP: 4/4
  1822 | D:2      | Found a burning altar of Makhleb.
  1870 | D:2      | Noticed Natasha
  1881 | D:2      | Killed Natasha
  2247 | D:2      | Noticed Natasha
  2258 | D:2      | Killed Natasha
  2258 | D:2      | Reached skill level 5 in Long Blades
  2258 | D:2      | Reached XP level 5. HP: 16/41 MP: 5/5
  2438 | D:2      | Noticed Natasha
  2464 | D:2      | Killed Natasha
  3431 | D:3      | Noticed Robin
  3469 | D:3      | Killed Robin
  3469 | D:3      | Reached skill level 6 in Long Blades
  3845 | D:3      | Reached XP level 6. HP: 39/47 MP: 6/6
  4024 | D:3      | Reached skill level 7 in Long Blades
  4222 | D:4      | Noticed a phantom
  4263 | D:4      | Killed a phantom
  4263 | D:4      | Reached XP level 7. HP: 52/52 MP: 7/7
  4332 | D:4      | Reached skill level 8 in Long Blades
  4384 | D:4      | Found a sparkling altar of Nemelex Xobeh.
  4404 | D:4      | Got an encrusted leather armour
  4412 | D:4      | You fall into a shaft and drop 2 floors!
  4415 | D:5      | Entered Level 5 of the Dungeon
  4415 | D:5      | Found Agadilyj's Food Emporium.
  4461 | D:5      | Found Giwaokimo's Jewellery Emporium.
  4509 | D:4      | Reached skill level 9 in Long Blades
  4519 | D:4      | Got a steaming dagger
  4543 | D:4      | Identified the +9 dagger of the Mind {antimagic, MR+} (You
                  | found it on level 4 of the Dungeon)
  4622 | D:4      | Identified the cursed +1 leather armour of the Cast Vote
                  | {Str+4} (You found it on level 4 of the Dungeon)
  4699 | D:4      | Found a hide-covered altar of Uskayaw.
  4724 | D:4      | Found an iron altar of Okawaru.
  4757 | D:4      | Became a worshipper of Warmaster Okawaru
  4781 | D:4      | Found a white marble altar of Elyvilon.
  5176 | D:3      | Found a glowing golden altar of the Shining One.
  5232 | D:5      | Reached skill level 1 in Short Blades
  5241 | D:5      | Reached XP level 8. HP: 57/59 MP: 2/8
  5255 | D:5      | Found Ecehanob's Food Shop.
  5539 | D:5      | Found Pineqem's Assorted Antiques.
  5632 | D:5      | HP: 2/59 [orc priest (1)]
  6378 | D:6      | Reached * piety under Okawaru
  6432 | D:6      | Reached skill level 5 in Short Blades
  6971 | D:6      | Found a stormy altar of Qazlal.
  7023 | D:6      | Reached XP level 9. HP: 64/64 MP: 0/9
  7114 | D:6      | Reached ** piety under Okawaru
  7265 | D:6      | Noticed Sigmund
  7279 | D:6      | Killed Sigmund
  7634 | D:7      | Reached skill level 1 in Invocations
  7678 | D:7      | Noticed an angel
  7679 | D:7      | Found a shimmering altar of Xom.
  7679 | D:7      | Found a glowing silver altar of Zin.
  7698 | D:7      | Found Noboll's Assorted Antiques.
  7762 | D:7      | Found a runed translucent door.
  7763 | D:7      | Noticed Crazy Yiuf
  7786 | D:7      | Killed Crazy Yiuf
  7818 | D:7      | Found a staircase to the Ecumenical Temple.
  7830 | Temple   | Entered the Ecumenical Temple
  7845 | D:7      | Mangled by an orc warrior

Levels and vault maps discovered:
D:1:      kennysheep_arrival_seaside, layout_basic, st_stairs_8, minmay_bisected
D:2:      layout_basic, marbit_many_paths, first_ration, uniq_natasha
D:3:      lemuel_upstairs_altar, layout_basic, kennysheep_generic_room_6,
          uniq_robin
D:4:      minmay_octagon_keep, layout_basic, lemuel_round_altar,
          okawaru_ov_weapons_minmay, nemelex_xobeh_ov_fountains_minmay,
          elyvilon_altar_5
D:5:      layout_cave_pods, serial_shops, kennysheep_mini_moat, shop, shop,
          nicolae_shop_waterfront, hangedman_decor_slide_cut
D:6:      layout_basic, kennysheep_mini, grunt_ministairs_5, uniq_sigmund
D:7:      layout_gridville, grunt_temple_overflow_order_and_chaos_1,
          minmay_temple_entry_arrows, serial_shops,
          nicolae_shop_overgrown_old_shop, lightli_ossuary_entry_decrepit_ruins,
          grunt_dithmenos_smoke, uniq_crazy_yiuf_cottage
Temple:   nicolae_temple_no_exploring_needed

Skill      XL: |  1  2  3  4  5  6  7  8  9 |
---------------+----------------------------+-----
Long Blades    | 3 4 5 6 7 9 |  9.8
Dodging        | 1 2 3 |  3.8
Short Blades   | 1 7 8 |  8.3
Armour         | 4 |  4.5
Fighting       | 4 |  4.4
Invocations    | 1 |  1.6
Shields        | 4 |  4.0

Action                   |  1- 3 |  4- 6 |  7- 9 || total
-------------------------+-------+-------+-------++-------
Melee: Long sword        |   197 |   225 |    69 ||   491
       Dagger            |       |       |   307 ||   307
Throw: Dart              |       |     6 |       ||     6
Invok: Heroism           |       |       |     2 ||     2
 Abil: Hop               |       |     1 |     1 ||     2
Evoke: Wand              |       |       |     1 ||     1
  Use: Scroll            |       |     4 |     7 ||    11
       Potion            |       |     1 |     2 ||     3
  Eat: Chunk             |     3 |    10 |     7 ||    20
       Ration            |       |       |     2 ||     2
Armor: Scale mail        |   105 |    64 |    56 ||   225
Dodge: Dodged            |    63 |    34 |    36 ||   133
Block: Kite shield       |   113 |    10 |       ||   123
       Tower shield      |       |   175 |   275 ||   450
       Rpst.: Long sword |    17 |    13 |     4 ||    34

Table legend:
 A = Non-vault XP
 B = Vault XP
 C = Vault XP percentage of total XP
 D = Non-vault monster count
 E = Vault monster count
 F = Vault count percentage of total count
                 A         B        C        D         E       F
            +---------+---------+-------+---------+---------+-------
      Total |    2916 |     601 |  17.1 |     145 |      29 |  16.7
            +---------+---------+-------+---------+---------+-------
        D:1 |      43 |       5 |  10.4 |      28 |       4 |  12.5
        D:2 |     129 |      37 |  22.3 |      26 |       2 |   7.1
        D:3 |     183 |      41 |  18.3 |      16 |      14 |  46.7
        D:4 |     405 |     156 |  27.8 |      15 |       5 |  25.0
        D:5 |     537 |       0 |   0.0 |      24 |       0 |   0.0
        D:6 |    1121 |     321 |  22.3 |      23 |       3 |  11.5
        D:7 |     498 |      41 |   7.6 |      13 |       1 |   7.1
            +---------+---------+-------+---------+---------+-------
